 Dungeon Crawl Stone Soup version 0.18-a0-1784-ga939a68 (webtiles) character file.

1612 epen the Agent of Entropy (level 8, -2/58 HPs)
             Began as a Demonspawn Abyssal Knight on Apr 18, 2016.
             Was a Priest of Lugonu.
             Slain by an ice beast (4 damage)
             ... on level 6 of the Dungeon.
             The game lasted 00:10:23 (6826 turns).

epen the Agent of Entropy (DsAK)                    Turns: 6826, Time: 00:10:23

Health: -2/58      AC:  6    Str: 14    XL:     8   Next: 63%
Magic:  0/14       EV:  9    Int: 18    God:    Lugonu [***...]
Gold:   402        SH:  7    Dex: 12    Spells: 0 memorised, 7 levels left

rFire  . . .     SeeInvis +     m - +0 spear (curse)
rCold  + . .     Gourm    .     q - +0 ring mail
rNeg   . . .     Faith    .     g - +0 shield
rPois  .         Spirit   +     (no helmet)
rElec  .         Dismiss  .     (no cloak)
rCorr  .         Reflect  .     (no gloves)
SustAt .         Harm     .     (no boots)
MR     .....                    y - amulet of guardian spirit
Stlth  +.........               e - +3 ring of intelligence
                                p - ring of see invisible

@: about to teleport, not resistant to hostile enchantments, very unstealthy
A: talons 1, icy blue scales 1, cold resistance 1, spiny 1
a: Depart the Abyss, Bend Space, Banish, Renounce Religion


You were on level 6 of the Dungeon.
You worshipped Lugonu.
Lugonu was most pleased with you.
You were not hungry.

You visited 1 branch of the dungeon, and saw 6 of its levels.
You visited the Abyss 1 time.

You collected 402 gold pieces.

Inventory:

Hand Weapons
 a - a +1 falchion
 f - a +3 short sword
 m - a cursed +0 spear (weapon)
Missiles
 t - a throwing net (quivered)
Armour
 b - a +0 leather armour
 g - a +0 shield (worn)
 q - a +0 ring mail (worn)
 u - a +0 scale mail
Jewellery
 e - a +3 ring of intelligence (right hand)
 n - an uncursed ring of stealth
 p - a ring of see invisible (left hand)
 y - an amulet of guardian spirit (around neck)
Wands
 w - a wand of iceblast (8/15)
 x - a wand of flame (21/48)
 B - a wand of flame (26/48)
Scrolls
 d - 5 scrolls of remove curse
 h - 5 scrolls of teleportation
 k - 2 scrolls of amnesia
 o - 4 scrolls of identify
 r - 2 scrolls of enchant weapon {unknown}
Potions
 i - 3 potions of curing
 s - 3 potions of haste {unknown}
 v - 2 potions of mutation {unknown}
 z - a potion of brilliance {unknown}
Comestibles
 c - 6 bread rations
 j - 2 beef jerkies
 l - a meat ration
 A - a slice of pizza


   Skills:
 - Level 3.0 Fighting
 * Level 6.3 Long Blades
 + Level 2.1 Armour
 + Level 4.4 Dodging
 + Level 1.2 Shields
 * Level 9.2 Invocations


You had 7 spell levels left.
You didn't know any spells.

Dungeon Overview and Level Annotations

Branches:
Dungeon (6/15)             Temple (0/1) D:5

Altars:
Cheibriados
Kikubaaqudgha
Nemelex Xobeh
Okawaru
Pakellas
Sif Muna

Shops:
D:4 =

Annotations:
Abyss:1 Grinder


Innate Abilities, Weirdness & Mutations

You have sharp toenails.
You are partially covered in icy blue scales (AC +1).
Your flesh is cold resistant.
You are partially covered in sharp spines.


Message History

* * * LOW HITPOINT WARNING * * *
You feel your power leaking away.
The gnoll hits you from afar with a spear.
* * * LOW HITPOINT WARNING * * *
You are too injured to fight recklessly!
You don't have enough magic at the moment.
Okay, then.
There is an escape hatch in the floor here.
You open the door.
The ice beast hits you but does no damage.
The gnoll sergeant hits you from afar with an antimagic trident!
* * * LOW HITPOINT WARNING * * *
There is an open door here.
Read which item? (? for menu, Esc to quit)
As you read the scroll of teleportation, it crumbles to dust.
You feel strangely unstable. The ice beast is struck by your spines.
The ice beast hits you.
* * * LOW HITPOINT WARNING * * *
The ice beast freezes you. You resist.
You die...

........#....##..##..'......#
####)...#....##..##..#......#
#....#....#....#..########
#....(....#....#...#
####....#)..g#....#...#
).......#(...g....#..########
........#....#.g..#..#......#
........#....###Y##..#.)....#
........#....#..@.#..#......#
........#....#....#..#......#
........#....#....#'##......#
........#....#....#..#......#
........#....######..#......#
........#.....# #...'......#
........####### #...#......#
.............. #...#......#
.............. ###'#......#


You could see an ice beast and a gnoll sergeant.

Vanquished Creatures
  Duvessa (D:4)
  A phantom (D:5)
  2 ogres
  A centaur (D:6)
  A giant frog (D:6)
  Dowan (D:4)
  A crimson imp (D:6)
  4 hounds
  2 giant frog skeletons (D:4)
  2 orc priests (D:3)
  4 worker ants
  2 iguanas
  A hound skeleton (D:6)
  7 adders
  7 gnolls
  A shadow imp (D:5)
  2 oozes
  An adder skeleton (D:5)
  2 worms
  2 dart slugs
  2 giant geckos (D:3)
  3 orcs (D:3)
  5 giant cockroaches
  8 hobgoblins
  7 jackals
  3 quokkas
  A ball python (D:1)
  2 bats
  4 giant newts
  7 goblins
  12 kobolds
  5 rats
104 creatures vanquished.

Vanquished Creatures (others)
  The ghost of George the Shield-Bearer, a novice FoFi (D:4)
  An ogre (D:6)
2 creatures vanquished.

Grand Total: 106 creatures vanquished

Notes
Turn   | Place    | Note
--------------------------------------------------------------
     0 | Abyss:1  | epen the Demonspawn Abyssal Knight began the quest for the Orb.
     0 | Abyss:1  | Reached XP level 1. HP: 18/18 MP: 2/2
    53 | Abyss:1  | Noticed an iron imp
    70 | Abyss:1  | Noticed a large abomination
    73 | Abyss:1  | Noticed a sixfirhy
    73 | Abyss:1  | Noticed a thrashing horror
    75 | D:1      | Escaped the Abyss
   269 | D:1      | Reached skill level 1 in Dodging
   730 | D:1      | Gained mutation: You are partially covered in icy blue scales (AC +1). [demonic ancestry]
   730 | D:1      | Reached XP level 2. HP: 24/24 MP: 4/4
   735 | D:1      | Reached * piety under Lugonu
   763 | D:1      | Reached skill level 3 in Invocations
  1349 | D:1      | Gained mutation: You are partially covered in sharp spines. [demonic ancestry]
  1349 | D:1      | Reached XP level 3. HP: 19/29 MP: 5/5
  1756 | D:2      | Reached XP level 4. HP: 35/35 MP: 6/6
  1827 | D:2      | Reached skill level 4 in Invocations
  1907 | D:3      | Reached ** piety under Lugonu
  2351 | D:3      | Found an oddly glowing altar of Pakellas.
  2444 | D:3      | Gained mutation: Your flesh is cold resistant. [demonic ancestry]
  2444 | D:3      | Reached XP level 5. HP: 36/41 MP: 8/8
  2463 | D:3      | Reached skill level 5 in Invocations
  2834 | D:3      | Found a sparkling altar of Nemelex Xobeh.
  3015 | D:3      | Found a snail-covered altar of Cheibriados.
  3571 | D:4      | Noticed George's ghost (novice FoFi)
  3792 | D:4      | Noticed an ogre
  3804 | D:4      | Killed an ogre
  3804 | D:4      | Reached XP level 6. HP: 44/47 MP: 10/10
  3892 | D:4      | Reached skill level 6 in Invocations
  3932 | D:4      | Found Nampa's Jewellery Emporium.
  3938 | D:4      | Noticed Duvessa
  3939 | D:4      | Noticed Dowan
  4107 | D:4      | Killed Duvessa
  4115 | D:4      | Killed Dowan
  4115 | D:4      | Reached XP level 7. HP: 37/52 MP: 11/11
  4288 | D:4      | Reached *** piety under Lugonu
  4306 | D:4      | Banished George's ghost
  4306 | D:4      | Reached skill level 5 in Long Blades
  4306 | D:4      | Reached skill level 7 in Invocations
  4836 | D:5      | Entered Level 5 of the Dungeon
  5022 | D:5      | Noticed Grinder
  5050 | D:5      | Paralysed by Grinder for 4 turns
  5089 | D:5      | Banished Grinder
  5089 | D:5      | Reached skill level 8 in Invocations
  5089 | D:5      | Gained mutation: You have sharp toenails. [demonic ancestry]
  5089 | D:5      | Reached XP level 8. HP: 6/58 MP: 8/14
  5449 | D:5      | Found a staircase to the Ecumenical Temple.
  5661 | D:5      | Found an ancient bone altar of Kikubaaqudgha.
  5664 | D:5      | Found an iron altar of Okawaru.
  5667 | D:5      | Found a deep blue altar of Sif Muna.
  6285 | D:6      | Reached skill level 9 in Invocations
  6538 | D:6      | Reached skill level 1 in Shields
  6826 | D:6      | HP: 2/58 [ice beast (4)]
  6826 | D:6      | Slain by an ice beast

Vault maps used:
D:1:      zelgadis_glass_arrival_small, minmay_cupped
D:2:      first_bread
D:3:      lemuel_crystal_altar, lemuel_coloured_pillars_altar,
          cheibriados_altar_1
D:4:      serial_shops, shop, uniq_duvessa
D:5:      grunt_temple_overflow_diamond, minmay_temple_entry_hall, uniq_grinder
D:6:      uniq_sigmund

Skill      XL: |  1  2  3  4  5  6  7  8 |
---------------+-------------------------+-----
Dodging        | 1 2 3 4 |  4.4
Long Blades    | 2 3 4 5 6 |  6.3
Invocations    | 3 4 5 6 8 9 |  9.2
Armour         | 2 |  2.1
Shields        | 1 |  1.2
Fighting       | |  3.0

Action                   |  1- 3 |  4- 6 |  7- 9 || total
-------------------------+-------+-------+-------++-------
Melee: Falchion          |    95 |       |       ||    95
       Spear             |     3 |   128 |   183 ||   314
       Kick              |       |       |    14 ||    14
Invok: Depart the Abyss  |     1 |       |       ||     1
       Banish            |       |       |     4 ||     4
       Bend Space        |       |       |     1 ||     1
  Use: Scroll            |     5 |     3 |     2 ||    10
       Potion            |       |       |     1 ||     1
 Stab: Sleeping          |     1 |     3 |       ||     4
  Eat: Chunk             |     2 |     6 |     7 ||    15
       Meat ration       |       |     1 |       ||     1
Armor: Leather armour    |    39 |     8 |       ||    47
       Ring mail         |       |    21 |    47 ||    68
Dodge: Dodged            |    80 |    61 |    85 ||   226
Block: Shield            |       |       |    20 ||    20
